 Dungeon Crawl Stone Soup version 0.21-a0-625-g1119ec1 (webtiles) character file.

338 kibaces the Sneak (level 6, -4/36 HPs)
             Began as an Octopode Fire Elementalist on Dec 24, 2017.
             Slain by Sigmund
             ... wielding a +0 scythe
              (13 damage)
             ... on level 4 of the Dungeon.
             The game lasted 00:10:07 (4117 turns).

kibaces the Sneak (Octopode Fire Elementalist)      Turns: 4117, Time: 00:10:08

Health: -4/36      AC:  1    Str:  7    XL:     6   Next: 55%
Magic:  1/10       EV: 14    Int: 23    God:
Gold:   5          SH:  0    Dex: 13    Spells: 5/11 levels left

rFire    . . .     SeeInvis .   h - staff of earth
rCold    . . .     Gourm    .   (no shield)
rNeg     . . .     Faith    .   (helmet restricted)
rPois    .         Spirit   .   (no amulet)
rElec    .         Reflect  .   j - ring of wizardry
rCorr    .         Harm     .   o - +4 ring of intelligence
MR       .....                  (no ring)
Stlth    ++++......             (no ring)
HPRegen  0.12/turn              (no ring)
MPRegen  0.12/turn              (no ring)
                                (no ring)
                                (no ring)

@: no status effects
A: almost no armour, stealthy swim, amphibious, 8 rings, constrict 8, camouflage
1, gelatinous body 1
a: no special abilities


You were on level 4 of the Dungeon.
You were not hungry.

You visited 1 branch of the dungeon, and saw 4 of its levels.

You collected 109 gold pieces.
You spent 104 gold pieces at shops.

Inventory:

Magical Staves
 h - an uncursed staff of earth (weapon)
 s - an uncursed staff of power {unknown}
Jewellery
 j - a ring of wizardry (left tentacle)
 o - a +4 ring of intelligence (right tentacle)
Scrolls
 g - 2 scrolls of teleportation {unknown}
 i - 10 scrolls of identify {unknown}
 k - 2 scrolls of fog {unknown}
 p - a scroll of remove curse
 q - a scroll of random uselessness {unknown}
Potions
 c - 2 potions of lignification {unknown}
 d - a potion of mutation {unknown}
 e - 2 potions of heal wounds
 f - 4 potions of curing
 l - a potion of resistance {unknown}
 m - a potion of degeneration {unknown}
 n - a potion of flight {unknown}
Books
 a - a book of Flames

   Spells                             Type                      Level
   a - Flame Tongue                   Conjuration/Fire             1
   b - Throw Flame                    Conjuration/Fire             2
   c - Conjure Flame                  Conjuration/Fire             3
   d - Inner Flame                    Hexes/Fire                   3
   e - Sticky Flame                   Conjuration/Fire             4
   f - Fireball                       Conjuration/Fire             5
Comestibles
 b - 8 rations
 r - a chunk of flesh


   Skills:
 + Level 3.4 Dodging
 + Level 4.9 Stealth
 + Level 3.2 Spellcasting
 + Level 2.8 Conjurations
 + Level 4.1 Fire Magic


You had 5 spell levels left.
You knew the following spells:

 Your Spells              Type           Power        Failure   Level  Hunger
a - Flame Tongue          Conj/Fire      ###..        1%          1    None
b - Throw Flame           Conj/Fire      ###...       1%          2    ##.....
c - Conjure Flame         Conj/Fire      ###.....     3%          3    ###....


Dungeon Overview and Level Annotations

Branches:
Dungeon (4/15)
 Temple: D:4-7

Altars:
Trog

Shops:
D:4 !

Annotations:
D:4 Sigmund


Innate Abilities, Weirdness & Mutations

You cannot wear most types of armour.
You are very stealthy in the water. (Stealth+)
You are amphibious.
You can wear up to eight rings at the same time.
You can use your tentacles to constrict eight enemies at once.
Your skin changes colour to match your surroundings (Stealth+).
Your rubbery body absorbs attacks. (AC +1, EV +1)


Message History

Casting: Flame Tongue
Confirm with . or Enter, or press ? or * to list all spells.
Aiming: Flame Tongue
Press: ? - help, Shift-Dir - straight line, f/p - Sigmund
Aim: Sigmund, wielding a scythe and wearing a robe (almost dead)
The flame tongue hits Sigmund.
Sigmund is almost dead.
Sigmund casts a spell at you.
You are confused.
Sigmund casts a spell.
Sigmund flickers and vanishes!
Deactivating autopickup; reactivate with Ctrl-A.
A puff of flame appears from out of thin air!
The puff of flame hits you!
* * * LOW HITPOINT WARNING * * *
You're too confused to move!
Something barely misses you.
You feel less confused. Something hits you!
You die...

#.##..###...##...
#.##........##...
..##............#
####.#.##.#.###.# ##
#.#.##.#.###.## #..
#.............# #.. #
######.#.##.#.#..# #...#
#......#.##.#.#..#####..!#####
#......#.##...#.@#...........####
#........##.#.#...{.......<.....(
#......#.##.#.##.#...........###.
#.∩...##.........#####...######..
#############.#### #...........
#.# #...#####... ## #.# #..@#
#.#. .## #.# ##... #.## ..### ###
#.# #..>


There were no monsters in sight!

Vanquished Creatures
  An ogre (D:4)
  A crimson imp (D:4)
  A centaur skeleton (D:4)
  An iguana (D:4)
  3 worker ants (D:4)
  A hound skeleton (D:4)
  3 adders (D:3)
  3 dart slugs
  A leopard gecko (D:2)
  2 orcs (D:3)
  3 ball pythons
  5 giant cockroaches
  5 hobgoblins
  3 jackals (D:1)
  4 kobolds
  A quokka (D:3)
  3 bats
  3 frilled lizards (D:2)
  7 goblins
  6 rats
57 creatures vanquished.

Notes
Turn   | Place    | Note
-------+----------+-------------------------------------------
     0 | D:1      | kibaces the Octopode Fire Elementalist began the quest for the Orb.
     0 | D:1      | Reached XP level 1. HP: 11/11 MP: 3/3
   239 | D:1      | Reached XP level 2. HP: 14/17 MP: 0/5
   309 | D:1      | Learned a level 2 spell: Throw Flame
   881 | D:2      | Found a bloodstained altar of Trog.
   992 | D:2      | Reached XP level 3. HP: 21/21 MP: 3/6
  2516 | D:3      | Reached XP level 4. HP: 26/27 MP: 4/7
  3475 | D:3      | Learned a level 3 spell: Conjure Flame
  3577 | D:4      | Reached XP level 5. HP: 28/31 MP: 6/9
  3747 | D:4      | Reached XP level 6. HP: 31/36 MP: 1/10
  4067 | D:4      | Found Nuyrus's Distillery.
  4074 | D:4      | Bought a potion of curing for 39 gold pieces
  4074 | D:4      | Bought a potion of heal wounds for 65 gold pieces
  4095 | D:4      | Noticed Sigmund
  4117 | D:4      | Slain by Sigmund

Vault maps used:
D:1:      roderic_octagonal_star
D:2:      old_standard_altar, serial_corexii_hall, corexii_hall_statues_l,
          corexii_hall_statues_u, serial_bayou_lagoon_a, minivault_14,
          kennysheep_potato
D:3:      first_ration, lemuel_flame_loot_1
D:4:      serial_shops, shop, uniq_sigmund

Skill      XL: |  1  2  3  4  5  6 |
---------------+-------------------+-----
Stealth        | 3 4 |  4.9
Conjurations   | 2 |  2.8
Dodging        | 3 |  3.4
Spellcasting   | 3 |  3.2
Fire Magic     | 4 |  4.1

Action                   |  1- 3 |  4- 6 || total
-------------------------+-------+-------++-------
Melee: Unarmed           |    12 |     2 ||    14
       Constrict         |     7 |     4 ||    11
       Tentacles         |     4 |     3 ||     7
       Staff             |       |    14 ||    14
 Cast: Flame Tongue      |    60 |    54 ||   114
       Throw Flame       |       |     9 ||     9
       Conjure Flame     |       |     1 ||     1
  Use: Scroll            |     1 |       ||     1
  Eat: Chunk             |     5 |     6 ||    11
Armor: Skin              |     5 |       ||     5
Dodge: Dodged            |    30 |    33 ||    63

Table legend:
 A = Spawn XP
 B = Non-spawn XP
 C = Spawn XP percentage of total XP
 D = Spawn monster count
 E = Non-spawn monster count
 F = Spawn count percentage of total count
 G = Total turns spent on level
                    A         B        C        D         E        F      G
               +---------+---------+-------+---------+---------+-------+---------
         Total |       0 |     484 |   0.0 |       0 |      57 |   0.0 |  4117
               +---------+---------+-------+---------+---------+-------+---------
           D:1 |       0 |      23 |   0.0 |       0 |      12 |   0.0 |   781
           D:2 |       0 |      29 |   0.0 |       0 |      16 |   0.0 |  1238
           D:3 |       0 |      71 |   0.0 |       0 |      21 |   0.0 |  1479
           D:4 |       0 |     361 |   0.0 |       0 |       8 |   0.0 |   619
               +---------+---------+-------+---------+---------+-------+---------
